 Dungeon Crawl Stone Soup version 0.29.0-4-gdea44cf6ec (webtiles) character file.

Game seed: 2862116961002567622

3217 qw the Cleaver (level 9, 0/54 HPs)
             Began as a Tengu Warper on Aug 28, 2022.
             Was a Priest of Okawaru.
             Slain by a hornet (12 damage)
             ... on level 8 of the Dungeon.
             The game lasted 00:01:06 (9937 turns).

qw the Cleaver (Tengu Warper)                       Turns: 9937, Time: 00:01:07

Health: 0/54       AC: 14    Str: 17    XL:     9   Next: 97%
Magic:  11/13      EV: 13    Int: 13    God:    Okawaru [***...]
Gold:   327        SH:  0    Dex: 16    Spells: 12/12 levels left

rFire   . . .      SeeInvis .   Y - +1 war axe (flame)
rCold   . . .      Faith    .   (no shield)
rNeg    . . .      Spirit   .   e - +0 chain mail
rPois   .          Reflect  .   n - +2 hat
rElec   .          Harm     .   (no cloak)
rCorr   .          Rampage  .   h - +0 pair of gloves of Amorality {Dex+3}
Will    .....                   (boots unavailable)
Stlth   ..........              l - amulet of the acrobat
HPRegen 0.18/turn               (no ring)
MPRegen 0.13/turn               (no ring)

@: lethally poisoned (0 -> -4), heroic, flying quickly and evasively, slowed,
very slow
A: beak, talons 3, nimble flight
a: Renounce Religion, Heroism


You were on level 8 of the Dungeon.
You worshipped Okawaru.
Okawaru was most pleased with you.
You visited 2 branches of the dungeon, and saw 9 of its levels.
You also visited: Ossuary.

You collected 403 gold pieces.
You spent 76 gold pieces at shops.


Innate Abilities, Weirdness & Mutations

You have a beak for a mouth.
You have claws for feet.
Your magical nature lets you fly swiftly and evasively.


   Skills:
 - Level 5.1(10.1) Fighting
 + Level 11.6(16.6) Axes
 - Level 2.2(7.2) Throwing
 - Level 4.2(9.2) Armour
 - Level 4.0(9.0) Dodging
 - Level 2.0 Spellcasting
 - Level 2.4 Translocations
 - Level 4.1 Invocations


You had 12 spell levels left.
You didn't know any spells.
Your spell library contained the following spells:

 Spells                   Type           Power      Damage    Failure   Level
 Blink                    Tloc           14%        N/A       83%         2
 Gell's Gravitas          Tloc           7%         N/A       96%         3
 Lesser Beckoning         Tloc           7%         N/A       96%         3
 Teleport Other           Tloc           7%         N/A       96%         3
 Manifold Assault         Tloc           7%         N/A       100%        5

Inventory:

Hand Weapons
 Y - a +1 war axe of flaming (weapon)
Missiles
 b - 7 boomerangs (quivered)
Armour
 e - a +0 chain mail (worn)
 h - the +0 pair of gloves of Amorality (worn) {Dex+3}
   (You acquired it on level 4 of the Dungeon)

   Dex:       It affects your dexterity (+3).
 n - a +2 hat (worn)
Jewellery
 g - a ring of fire
 l - an amulet of the acrobat (around neck)
Scrolls
 j - 3 scrolls of teleportation
 o - a scroll of identify
Potions
 a - a potion of mutation
 c - a potion of heal wounds
 d - 5 potions of curing
 i - a potion of might
 k - a potion of magic
 p - 2 potions of haste
 s - a potion of cancellation

Dungeon Overview and Level Annotations

Branches:
Dungeon (8/15)             Temple (1/1) D:4         Ossuary (visited)
   Lair: D:8-11

Altars:
Ashenzari
Cheibriados
Dithmenos
Elyvilon
Fedhas
Gozag
Hepliaklqana
Kikubaaqudgha
Makhleb
Nemelex Xobeh
Okawaru
Qazlal
Ru
Sif Muna
Trog
Uskayaw
Vehumet
Wu Jian
Xom
Yredelemnul
Zin
The Shining One

Shops:
D:2 [   D:7 =

Annotations:
D:3 1 runed translucent door, Crazy Yiuf
D:6 3 runed translucent doors, qw's ghost, novice TeWr


Message History

The orc hits you but does no damage.
You hit the orc but do no damage. Your kick misses the orc.
The orc is lightly wounded.
The orc barely misses you.
You completely miss the orc. Your peck misses the orc.
The orc is lightly wounded.
The orc hits you but does no damage.
You closely miss the orc. You claw the orc.
The orc is severely wounded.
The orc barely misses you.
You slash the orc! You burn the orc.
You kill the orc!
Okawaru accepts your kill. The hornet stings you.
You feel yourself slow down.
You barely miss the hornet. You punch the hornet, but do no damage.
The hornet stings you.
You are poisoned.
You feel as though you will be slow longer.
The hornet misses you.
You barely miss the hornet.
You feel very sick. The hornet barely misses you. The hornet stings you.
You feel as though you will be slow longer.
You closely miss the hornet. You claw the hornet, but do no damage.
You feel very sick. The hornet barely misses you.
The hornet stings you but does no damage.
You hit the hornet but do no damage. You claw the hornet, but do no damage.
You peck the hornet.
The hornet is lightly wounded.
You feel sick. The hornet stings you!
You feel as though you will be slow longer.
The hornet stings you.
You feel as though you will be slow longer.
9937 ||| INVOKING Heroism.
You gain the combat prowess of a mighty hero.
You feel sick. The hornet stings you!
You feel as though you will be slow longer.
The hornet stings you!
You die...

###### #....# #####
#....#
.$....######....####
......oy@...........
......######.>..###
..... #.......# ..y.
#.......# o..
#.......# ..
#...##### . #...#
#...# #######...##


You could see a hornet and an orc.

Vanquished Creatures
  5 yaks (D:8)
  2 ice beasts
  2 black bears
  An ogre (D:7)
  A phantom (D:5)
  Blork the orc (D:5)
  A gnoll sergeant (D:7)
  2 bullfrogs (D:7)
  2 elf zombies (Ossuary)
  3 necrophages
  2 scorpions (D:7)
  A howler monkey (D:5)
  3 centaur zombies (Ossuary)
  5 hounds
  3 human zombies (Ossuary)
  2 jellies (D:6)
  2 orc priests (D:6)
  A gnoll bouda (D:7)
  3 iguanas
  6 orc wizards
  2 hell rats (D:7)
  3 mummies (Ossuary)
  Robin (D:2)
  8 adders
  11 gnolls
  8 river rats
  2 white imps
  4 adder zombies (Ossuary)
  A worm (D:4)
  30 orcs
  6 ball pythons
  5 endoplasms
  4 giant cockroaches
  18 goblins
  9 hobgoblins
  9 kobolds
  12 quokkas
  5 bats
  4 frilled lizards
  2 gnoll zombies (Ossuary)
  5 goblin zombies (Ossuary)
  5 hobgoblin zombies (Ossuary)
  3 jackal zombies (Ossuary)
  5 kobold zombies (Ossuary)
  An orc zombie (Ossuary)
  A quokka zombie (Ossuary)
  23 rats
  A rat zombie (Ossuary)
236 creatures vanquished.

Notes
Turn   | Place    | Note
-------+----------+-------------------------------------------
     0 | D:1      | qw the Tengu Warper began the quest for the Orb.
     0 | D:1      | Reached XP level 1. HP: 12/12 MP: 4/4
     0 | D:1      | 0 ||| qw: Version: 0.1-a-89-g26bdef1
     0 | D:1      | 0 ||| qw: Game counter: 2935
     0 | D:1      | 0 ||| qw: Always use a shield: true
     0 | D:1      | 0 ||| qw: God list: Okawaru
     0 | D:1      | 0 ||| qw: Allow faded altars: false
     0 | D:1      | 0 ||| qw: Do Orc after D:15 true
     0 | D:1      | 0 ||| qw: Do second Lair branch before Depths: true
     0 | D:1      | 0 ||| qw: Lair rune preference: random
     0 | D:1      | 0 ||| qw: Plans: Normal
     0 | D:1      | 0 ||| PLANNING D:1-11
    86 | D:1      | 86 ||| Stepping ~*~*~tactically~*~*~ (stealth).
    87 | D:1      | 87 ||| Stepping ~*~*~tactically~*~*~ (stealth).
    88 | D:1      | 88 ||| Stepping ~*~*~tactically~*~*~ (stealth).
    89 | D:1      | 89 ||| Stepping ~*~*~tactically~*~*~ (stealth).
    94 | D:1      | Reached XP level 2. HP: 17/17 MP: 6/6
   108 | D:1      | Reached skill level 3 in Axes
   119 | D:1      | 119 ||| Stepping ~*~*~tactically~*~*~ (stealth).
   190 | D:1      | 190 ||| DROPPING +0 club.
   202 | D:1      | 202 ||| SWAPPING to +0 war axe.
   206 | D:1      | 206 ||| DROPPING +0 hand axe.
   539 | D:1      | Reached XP level 3. HP: 21/21 MP: 7/7
   600 | D:1      | 600 ||| UPGRADING to +0 ring mail.
   610 | D:1      | 610 ||| DROPPING +0 leather armour.
   611 | D:1      | 611 ||| DROPPING ring of flight.
   612 | D:1      | 612 ||| READING scroll labelled EVOPNU GATTUB.
   613 | D:1      | 613 ||| READING scroll labelled ASCHOA AWOFU.
   614 | D:1      | 614 ||| READING scroll labelled SAURAB JYFIK.
   615 | D:1      | 615 ||| DROPPING +0 whip.
   616 | D:1      | 616 ||| DROPPING scroll of blinking.
   649 | D:2      | Identified the +1 leather armour of Depression {Will+ rCorr
                  | Slay+4}
   651 | D:2      | 651 ||| Stepping ~*~*~tactically~*~*~ (stealth).
   654 | D:2      | 654 ||| Stepping ~*~*~tactically~*~*~ (stealth).
   664 | D:2      | 664 ||| Stepping ~*~*~tactically~*~*~ (stealth).
   765 | D:2      | 765 ||| Stepping ~*~*~tactically~*~*~ (stealth).
   767 | D:2      | Noticed Robin
   768 | D:2      | 768 ||| Stepping ~*~*~tactically~*~*~ (hiding).
   772 | D:2      | Reached skill level 4 in Axes
   777 | D:2      | Killed Robin
   887 | D:2      | 887 ||| FLEEEEING.
   889 | D:2      | 889 ||| FLEEEEING.
   890 | D:2      | 890 ||| FLEEEEING.
   891 | D:2      | 891 ||| FLEEEEING.
   892 | D:2      | 892 ||| FLEEEEING.
   893 | D:2      | 893 ||| STAIRDANCE
   945 | D:1      | 945 ||| UPGRADING to +1 leather armour of Depression {Will+
                  | rCorr Slay+4}.
   955 | D:1      | 955 ||| DROPPING +0 ring mail.
   956 | D:1      | 956 ||| READING scroll labelled ULIOWK PAOSI.
   957 | D:1      | 957 ||| DRINKING 2 grey potions.
  1019 | D:2      | 1019 ||| Stepping ~*~*~tactically~*~*~ (stealth).
  1030 | D:2      | Found Oghepeyr's Antique Armour Shop.
  1059 | D:2      | 1059 ||| SHOPLISTING pair of bloodstained gloves (161 gold,
                  | have 84).
  1059 | D:2      | 1059 ||| BUYING pair of gloves (76 gold).
  1059 | D:2      | Bought a pair of gloves for 76 gold pieces
  1059 | D:2      | 1059 ||| SHOPLISTING shiny buckler (127 gold, have 8).
  1073 | D:2      | Reached XP level 4. HP: 26/26 MP: 8/8
  1090 | D:2      | 1090 ||| Stepping ~*~*~tactically~*~*~ (stealth).
  1222 | D:2      | Reached skill level 5 in Axes
  1471 | D:2      | 1471 ||| UPGRADING to +0 pair of gloves.
  1476 | D:2      | 1476 ||| READING scroll labelled SAFUSO JOGEQYTT.
  1573 | D:3      | 1573 ||| Stepping ~*~*~tactically~*~*~ (stealth).
  1578 | D:3      | Identified the +10 short sword of the Meager God {venom,
                  | rElec Will+ Dex-2 SInv}
  1804 | D:3      | Found a runed translucent door.
  1805 | D:3      | Noticed Crazy Yiuf
  1910 | D:3      | 1910 ||| Stepping ~*~*~tactically~*~*~ (hiding).
  2204 | D:3      | 2204 ||| Stepping ~*~*~tactically~*~*~ (hiding).
  2205 | D:3      | 2205 ||| Stepping ~*~*~tactically~*~*~ (hiding).
  2207 | D:3      | 2207 ||| Stepping ~*~*~tactically~*~*~ (stealth).
  2211 | D:3      | Gained mutation: Your magical nature lets you fly swiftly
                  | and evasively. [Tengu growth]
  2211 | D:3      | Reached XP level 5. HP: 30/30 MP: 9/9
  2265 | D:3      | Found a broken altar of Ashenzari.
  2275 | D:3      | Found a faded altar of an unknown god.
  2288 | D:3      | 2288 ||| Stepping ~*~*~tactically~*~*~ (hiding).
  2292 | D:3      | Reached skill level 6 in Axes
  2827 | D:3      | 2827 ||| DROPPING orb of guile.
  2828 | D:3      | 2828 ||| READING scroll labelled ZIMIZI JUQASEM.
  2829 | D:3      | 2829 ||| READING scroll labelled NEVYDUA CUFOSM.
  2830 | D:3      | 2830 ||| READING scroll labelled VIMISY BADEHU.
  2833 | D:3      | 2833 ||| READING 2 scrolls labelled UPAOFU RENT.
  2834 | D:3      | 2834 ||| READING scroll labelled BOJ BEIPTURR.
  2835 | D:3      | 2835 ||| READING scroll labelled ESULOTAUMAJ.
  2836 | D:3      | 2836 ||| DROPPING scroll of fog.
  2946 | D:3      | 2946 ||| Stepping randomly (stuck).
  3161 | D:3      | 3161 ||| Stepping randomly (stuck).
  3244 | D:4      | 3244 ||| PLANNING SEWER
  3249 | D:4      | 3249 ||| STAIRDANCE
  3455 | D:4      | Reached skill level 7 in Axes
  3455 | D:4      | Reached XP level 6. HP: 35/35 MP: 10/10
  3461 | D:4      | 3461 ||| Stepping ~*~*~tactically~*~*~ (hiding).
  3573 | D:4      | 3573 ||| Stepping ~*~*~tactically~*~*~ (stealth).
  3575 | D:4      | 3575 ||| Stepping ~*~*~tactically~*~*~ (stealth).
  3581 | D:4      | 3581 ||| Stepping ~*~*~tactically~*~*~ (stealth).
  3597 | D:4      | Found a glowing golden altar of the Shining One.
  3846 | D:4      | Reached skill level 3 in Fighting
  3846 | D:4      | Found a glowing drain.
  3847 | D:4      | 3847 ||| UPGRADING to amulet of guardian spirit.
  3852 | D:4      | 3852 ||| READING scroll labelled JESSAQ AMUEL.
  3853 | D:4      | 3853 ||| Stepping randomly (stuck).
  3854 | D:4      | 3854 ||| Stepping ~*~*~tactically~*~*~ (cloud).
  4179 | D:4      | 4179 ||| RIP SEWER
  4179 | D:4      | 4179 ||| PLANNING D:1-11
  4769 | D:4      | Found a staircase to the Ecumenical Temple.
  4770 | D:4      | 4770 ||| PLANNING TEMPLE
  4770 | D:4      | 4770 ||| READING 3 scrolls labelled LATERI QEPRE.
  4770 | D:4      | Identified 3 scrolls of acquirement
  4770 | D:4      | 4770 ||| ACQUIRING +0 scale mail of Fashionability {Dex+3}
  4770 | D:4      | Acquired the +0 scale mail of Fashionability {Dex+3}
  4772 | D:4      | 4772 ||| DROPPING +0 scale mail.
  4773 | D:4      | 4773 ||| READING 2 scrolls of acquirement.
  4773 | D:4      | 4773 ||| ACQUIRING +1 hat
  4773 | D:4      | Acquired a +1 hat
  4775 | D:4      | 4775 ||| Stepping ~*~*~tactically~*~*~ (stealth).
  4776 | D:4      | 4776 ||| UPGRADING to +1 hat.
  4781 | D:4      | 4781 ||| READING scroll of acquirement.
  4781 | D:4      | 4781 ||| ACQUIRING +0 pair of gloves of Amorality {Dex+3}
  4781 | D:4      | Acquired the +0 pair of gloves of Amorality {Dex+3}
  4783 | D:4      | 4783 ||| UPGRADING to +0 pair of gloves of Amorality
                  | {Dex+3}.
  4793 | D:4      | 4793 ||| DROPPING +0 pair of gloves.
  4802 | Temple   | Entered the Ecumenical Temple
  4809 | Temple   | Became a worshipper of Warmaster Okawaru
  4810 | Temple   | 4810 ||| REMOVING amulet of guardian spirit.
  5090 | Temple   | 5090 ||| PLANNING D:1-11
  5090 | Temple   | 5090 ||| DROPPING amulet of guardian spirit.
  5166 | D:4      | 5166 ||| Stepping ~*~*~tactically~*~*~ (stealth).
  5217 | D:4      | 5217 ||| Stepping ~*~*~tactically~*~*~ (stealth).
  5347 | D:4      | 5347 ||| FLEEEEING.
  5348 | D:4      | 5348 ||| FLEEEEING.
  5352 | D:4      | 5352 ||| STAIRDANCE
  5920 | D:4      | 5920 ||| READING scroll of enchant armour.
  5920 | D:4      | 5920 ||| ENCHANTING +1 hat.
  6046 | D:5      | Entered Level 5 of the Dungeon
  6047 | D:5      | 6047 ||| PLANNING OSSUARY
  6117 | D:5      | Reached skill level 3 in Dodging
  6127 | D:5      | Found a snail-covered altar of Cheibriados.
  6200 | D:5      | Noticed Blork the orc
  6202 | D:5      | 6202 ||| Stepping ~*~*~tactically~*~*~ (hiding).
  6210 | D:5      | Killed Blork the orc
  6211 | D:5      | Reached XP level 7. HP: 25/41 MP: 11/11
  6381 | D:5      | 6381 ||| Stepping ~*~*~tactically~*~*~ (stealth).
  6645 | D:5      | Found a sand-covered staircase.
  6654 | D:5      | Reached skill level 8 in Axes
  6654 | D:5      | 6654 ||| READING scroll labelled ECULIPTU LUCH.
  6655 | D:5      | 6655 ||| DRINKING 2 sedimented coppery potions.
  6656 | D:5      | 6656 ||| DRINKING 2 bubbling pink potions.
  6657 | D:5      | 6657 ||| DROPPING potion of degeneration.
  6665 | Ossuary  | Entered an ossuary
  6672 | Ossuary  | 6672 ||| Stepping ~*~*~tactically~*~*~ (stealth).
  6674 | Ossuary  | 6674 ||| Stepping ~*~*~tactically~*~*~ (stealth).
  6677 | Ossuary  | 6677 ||| Stepping ~*~*~tactically~*~*~ (stealth).
  6679 | Ossuary  | 6679 ||| Stepping ~*~*~tactically~*~*~ (stealth).
  6681 | Ossuary  | 6681 ||| Stepping ~*~*~tactically~*~*~ (stealth).
  6682 | Ossuary  | 6682 ||| Stepping ~*~*~tactically~*~*~ (stealth).
  6701 | Ossuary  | 6701 ||| Stepping ~*~*~tactically~*~*~ (stealth).
  6703 | Ossuary  | 6703 ||| Stepping ~*~*~tactically~*~*~ (stealth).
  6719 | Ossuary  | 6719 ||| Stepping ~*~*~tactically~*~*~ (stealth).
  6721 | Ossuary  | 6721 ||| Stepping ~*~*~tactically~*~*~ (stealth).
  6723 | Ossuary  | 6723 ||| Stepping ~*~*~tactically~*~*~ (stealth).
  6728 | Ossuary  | 6728 ||| Stepping ~*~*~tactically~*~*~ (stealth).
  6792 | Ossuary  | 6792 ||| Stepping ~*~*~tactically~*~*~ (stealth).
  6795 | Ossuary  | 6795 ||| Stepping ~*~*~tactically~*~*~ (stealth).
  6804 | Ossuary  | 6804 ||| Stepping ~*~*~tactically~*~*~ (stealth).
  6806 | Ossuary  | 6806 ||| Stepping ~*~*~tactically~*~*~ (stealth).
  6822 | Ossuary  | Reached skill level 9 in Axes
  6822 | Ossuary  | Reached XP level 8. HP: 45/46 MP: 12/12
  6834 | Ossuary  | 6834 ||| Stepping ~*~*~tactically~*~*~ (stealth).
  6836 | Ossuary  | 6836 ||| Stepping ~*~*~tactically~*~*~ (stealth).
  6841 | Ossuary  | Reached * piety under Okawaru
  6870 | Ossuary  | 6870 ||| Stepping ~*~*~tactically~*~*~ (stealth).
  6872 | Ossuary  | 6872 ||| Stepping ~*~*~tactically~*~*~ (stealth).
  6892 | Ossuary  | 6892 ||| Stepping ~*~*~tactically~*~*~ (stealth).
  6900 | Ossuary  | 6900 ||| Stepping ~*~*~tactically~*~*~ (stealth).
  6907 | Ossuary  | 6907 ||| Stepping ~*~*~tactically~*~*~ (stealth).
  6909 | Ossuary  | 6909 ||| Stepping ~*~*~tactically~*~*~ (stealth).
  6911 | Ossuary  | 6911 ||| Stepping ~*~*~tactically~*~*~ (stealth).
  6913 | Ossuary  | 6913 ||| Stepping ~*~*~tactically~*~*~ (stealth).
  6915 | Ossuary  | 6915 ||| Stepping ~*~*~tactically~*~*~ (stealth).
  6925 | Ossuary  | Reached skill level 1 in Invocations
  6938 | Ossuary  | 6938 ||| Stepping ~*~*~tactically~*~*~ (stealth).
  6993 | Ossuary  | 6993 ||| DRINKING 3 pink potions.
  6994 | Ossuary  | 6994 ||| DRINKING 3 purple potions.
  7047 | Ossuary  | 7047 ||| READING 2 scrolls of identify.
  7047 | Ossuary  | 7047 ||| IDENTIFYING red potion
  7048 | Ossuary  | 7048 ||| DROPPING 2 potions of brilliance.
  7049 | Ossuary  | 7049 ||| DROPPING 2 potions of lignification.
  7060 | D:5      | 7060 ||| PLANNING D:1-11
  7238 | D:6      | 7238 ||| Stepping ~*~*~tactically~*~*~ (stealth).
  7309 | D:6      | 7309 ||| INVOKING Heroism.
  7327 | D:6      | 7327 ||| Stepping ~*~*~tactically~*~*~ (stealth).
  7331 | D:6      | 7331 ||| INVOKING Heroism.
  7371 | D:6      | 7371 ||| INVOKING Heroism.
  7419 | D:6      | Reached skill level 3 in Invocations
  7655 | D:6      | Reached ** piety under Okawaru
  7675 | D:6      | 7675 ||| Stepping ~*~*~tactically~*~*~ (hiding).
  7676 | D:6      | 7676 ||| Stepping ~*~*~tactically~*~*~ (hiding).
  7761 | D:6      | Found a runed translucent gate.
  7761 | D:6      | Noticed qw's ghost (novice TeWr)
  7762 | D:6      | Found a runed translucent gate.
  7764 | D:6      | Found a runed translucent gate.
  8001 | D:6      | 8001 ||| Stepping ~*~*~tactically~*~*~ (stealth).
  8006 | D:6      | 8006 ||| Stepping ~*~*~tactically~*~*~ (stealth).
  8008 | D:6      | 8008 ||| Stepping ~*~*~tactically~*~*~ (stealth).
  8151 | D:6      | 8151 ||| UPGRADING to +0 chain mail.
  8161 | D:6      | 8161 ||| DROPPING +1 leather armour of Depression {Will+
                  | rCorr Slay+4}.
  8162 | D:6      | 8162 ||| DROPPING +0 scale mail of Fashionability {Dex+3}.
  8163 | D:6      | 8163 ||| UPGRADING to amulet of the acrobat.
  8168 | D:6      | 8168 ||| DROPPING +6 ring of intelligence.
  8169 | D:6      | 8169 ||| READING 2 scrolls of identify.
  8169 | D:6      | 8169 ||| IDENTIFYING fizzy purple potion
  8170 | D:6      | 8170 ||| DROPPING potion of ambrosia.
  8218 | D:7      | 8218 ||| STAIRDANCE
  8309 | D:7      | 8309 ||| INVOKING Heroism.
  8311 | D:7      | Reached XP level 9. HP: 21/52 MP: 10/13
  8311 | D:7      | 8311 ||| STAIRDANCE
  8568 | D:7      | Found Wikecot's Jewellery Shop.
  8572 | D:7      | 8572 ||| INVOKING Heroism.
  8579 | D:7      | Reached skill level 3 in Armour
  8595 | D:7      | 8595 ||| SHOPLISTING +4 ring of evasion (432 gold, have
                  | 209).
  8595 | D:7      | 8595 ||| SHOPLISTING +6 ring of strength (432 gold, have
                  | 209).
  8595 | D:7      | 8595 ||| SHOPLISTING amulet of reflection (360 gold, have
                  | 209).
  8595 | D:7      | 8595 ||| SHOPLISTING ring of Thoughtfulness {*Slow rElec
                  | rPois Str+3 Int+6} (658 gold, have 209).
  8595 | D:7      | 8595 ||| SHOPLISTING ring of fire (300 gold, have 209).
  8595 | D:7      | 8595 ||| SHOPLISTING ring of positive energy (240 gold,
                  | have 209).
  8595 | D:7      | 8595 ||| SHOPLISTING ring of the Skies Above {*Corrode AC+4
                  | Int+6} (600 gold, have 209).
  8647 | D:7      | 8647 ||| Stepping ~*~*~tactically~*~*~ (stealth).
  8648 | D:7      | 8648 ||| Stepping ~*~*~tactically~*~*~ (stealth).
  8654 | D:7      | 8654 ||| Stepping ~*~*~tactically~*~*~ (stealth).
  8672 | D:7      | 8672 ||| Stepping ~*~*~tactically~*~*~ (stealth).
  8726 | D:7      | 8726 ||| INVOKING Heroism.
  8963 | D:7      | 8963 ||| INVOKING Heroism.
  8969 | D:7      | Reached skill level 10 in Axes
  9146 | D:7      | 9146 ||| Stepping ~*~*~tactically~*~*~ (stealth).
  9148 | D:7      | 9148 ||| Stepping ~*~*~tactically~*~*~ (stealth).
  9151 | D:7      | 9151 ||| INVOKING Heroism.
  9182 | D:7      | 9182 ||| Stepping ~*~*~tactically~*~*~ (stealth).
  9184 | D:7      | 9184 ||| Stepping ~*~*~tactically~*~*~ (stealth).
  9195 | D:7      | 9195 ||| Stepping ~*~*~tactically~*~*~ (stealth).
  9196 | D:7      | 9196 ||| Stepping ~*~*~tactically~*~*~ (stealth).
  9197 | D:7      | 9197 ||| Stepping ~*~*~tactically~*~*~ (stealth).
  9200 | D:7      | 9200 ||| INVOKING Heroism.
  9221 | D:7      | 9221 ||| Stepping ~*~*~tactically~*~*~ (stealth).
  9223 | D:7      | 9223 ||| INVOKING Heroism.
  9226 | D:7      | 9226 ||| Stepping ~*~*~tactically~*~*~ (stealth).
  9232 | D:7      | 9232 ||| Stepping ~*~*~tactically~*~*~ (stealth).
  9233 | D:7      | 9233 ||| Stepping ~*~*~tactically~*~*~ (stealth).
  9234 | D:7      | 9234 ||| Stepping ~*~*~tactically~*~*~ (stealth).
  9260 | D:7      | 9260 ||| INVOKING Heroism.
  9418 | D:7      | 9418 ||| Stepping ~*~*~tactically~*~*~ (stealth).
  9668 | D:7      | 9668 ||| INVOKING Heroism.
  9670 | D:7      | 9670 ||| Stepping ~*~*~tactically~*~*~ (hiding).
  9680 | D:7      | 9680 ||| Stepping ~*~*~tactically~*~*~ (stealth).
  9687 | D:7      | 9687 ||| Stepping ~*~*~tactically~*~*~ (stealth).
  9690 | D:7      | 9690 ||| Stepping ~*~*~tactically~*~*~ (stealth).
  9760 | D:7      | 9760 ||| DRINKING 2 viscous pink potions.
  9761 | D:7      | 9761 ||| READING 5 scrolls of identify.
  9761 | D:7      | 9761 ||| IDENTIFYING yellow potion
  9762 | D:7      | 9762 ||| READING 4 scrolls of identify.
  9762 | D:7      | 9762 ||| IDENTIFYING cyan potion
  9763 | D:7      | 9763 ||| READING 3 scrolls of identify.
  9763 | D:7      | 9763 ||| IDENTIFYING golden potion
  9764 | D:7      | 9764 ||| READING 2 scrolls of identify.
  9764 | D:7      | 9764 ||| IDENTIFYING bubbling green potion
  9765 | D:7      | 9765 ||| DROPPING potion of invisibility.
  9806 | D:8      | 9806 ||| INVOKING Heroism.
  9818 | D:8      | Reached skill level 11 in Axes
  9819 | D:8      | Reached *** piety under Okawaru
  9922 | D:8      | Noticed a hornet
  9923 | D:8      | 9923 ||| Stepping ~*~*~tactically~*~*~ (stealth).
  9925 | D:8      | 9925 ||| Stepping ~*~*~tactically~*~*~ (stealth).
  9937 | D:8      | 9937 ||| INVOKING Heroism.
  9937 | D:8      | HP: 12/54 [hornet (13)]
  9937 | D:8      | Slain by a hornet

Levels and vault maps discovered:
D:1:      minmay_arrival_radiant_lines, layout_rooms
D:2:      layout_rooms, serial_shops, shop, hangedman_decor_push, uniq_robin
D:3:      minmay_spotlight, layout_basic, general_overflow_altar,
          nicolae_ecumenical_oubliette, amethyst_killhole,
          uniq_crazy_yiuf_cottage
D:4:      layout_layer_cave, nicolae_tso_carved_into_rock,
          minmay_temple_entry_drinking_statues, portal_sewer_entry_b,
          hangedman_abyss_or_decor_jellyfish_corner
D:5:      layout_basic, mainiacjoe_overflow_surrounded_room,
          chequers_ossuary_entry_cave, uniq_blork_the_orc
D:6:      layout_cave_pods, biasface_ghost_orc_armoury
D:7:      lemuel_ratsnest, layout_rooms, serial_shops, shop
D:8:      layout_basic
Temple:   compressed_dpeg_triangle_lava_temple

Skill      XL: |  1  2  3  4  5  6  7  8  9 |
---------------+----------------------------+-----
Axes           | 3 4 5 7 9 11 | 11.6
Fighting       | 3 4 5 |  5.1
Dodging        | 3 4 |  4.0
Invocations    | 4 |  4.1
Throwing       | 2 |  2.2
Armour         | 2 4 |  4.2
Spellcasting   | |  2.0
Translocations | |  2.4

Action                   |  1- 3 |  4- 6 |  7- 9 || total
-------------------------+-------+-------+-------++-------
Melee: Hand axe          |    15 |       |       ||    15
       Kick              |    20 |    24 |    72 ||   116
       Peck              |    10 |    16 |    47 ||    73
       War axe           |    56 |    93 |   229 ||   378
       Punch             |       |     1 |     4 ||     5
Throw: Boomerang         |     7 |    16 |    80 ||   103
       Javelin           |       |       |    28 ||    28
Invok: Heroism           |       |       |    14 ||    14
  Use: Scroll            |     4 |    12 |     7 ||    23
       Potion            |     1 |       |     5 ||     6
Armor: Leather armour    |    13 |    20 |    16 ||    49
       Ring mail         |     7 |       |       ||     7
       Chain mail        |       |       |    34 ||    34
Dodge: Dodged            |    27 |    53 |   102 ||   182

Table legend:
 A = Non-vault XP
 B = Vault XP
 C = Vault XP percentage of total XP
 D = Non-vault monster count
 E = Vault monster count
 F = Vault count percentage of total count
                 A         B        C        D         E       F
            +---------+---------+-------+---------+---------+-------
      Total |    3617 |     980 |  21.3 |     148 |      88 |  37.3
            +---------+---------+-------+---------+---------+-------
        D:1 |      34 |       0 |   0.0 |      20 |       0 |   0.0
        D:2 |      59 |      32 |  35.2 |      23 |      11 |  32.4
        D:3 |     130 |      19 |  12.8 |      20 |       5 |  20.0
        D:4 |     203 |      24 |  10.6 |      14 |       6 |  30.0
        D:5 |     373 |      94 |  20.1 |       9 |       1 |  10.0
        D:6 |     795 |       0 |   0.0 |      29 |       0 |   0.0
        D:7 |    1002 |     263 |  20.8 |      27 |      27 |  50.0
        D:8 |    1021 |       0 |   0.0 |       6 |       0 |   0.0
    Ossuary |       0 |     548 | 100.0 |       0 |      38 | 100.0
            +---------+---------+-------+---------+---------+-------
